 Dungeon Crawl Stone Soup version 0.31.0-4-g52a2dc7128 (webtiles) character file.

Game seed: 6695626980306783567

18057 case the Fencer (level 12, -9/85 HPs)
             Began as a Minotaur Berserker on Jan 21, 2024.
             Was an Elder of Trog.
             Killed from afar by a hell hog (48 damage)
             ... with a fireball
             ... on level 2 of the Abyss.
             The game lasted 00:20:48 (10270 turns).

case the Fencer (Minotaur Berserker)               Turns: 10270, Time: 00:20:48

Health: -9/85      AC: 11    Str: 18    XL:     12   Next: 24%
Magic:  11/11      EV: 10    Int:  4    God:    Trog [****..]
Gold:   449        SH: 17    Dex: 13    Spells: 11/11 levels left

rFire   . . .        y - +5 falchion (elec)
rCold   . . .        C - +2 kite shield {rN+}
rNeg    + . .        K - +0 swamp dragon scales
rPois   +            (helmet restricted)
rElec   .            i - +0 cloak
rCorr   .            B - +0 pair of gloves
SInv    .            (no boots)
Will    .....        L - amulet of reflection
Stlth   +            (no ring)
HPRegen 0.00/turn    (no ring)
MPRegen 0.12/turn

%: random rage (3%), reflection
@: inhibited regen, studying Short Blades
A: horns 2, retaliatory headbutt, [berserk 1], [clumsy 1], [frail 2], [inhibited
regeneration], [weak 2], [subdued magic 2], [inability to drink after injury 1]
a: Renounce Religion, Berserk, Trog's Hand, Brothers in Arms


You were on level 2 of the Abyss.
You worshipped Trog.
Trog was greatly pleased with you.
You visited 2 branches of the dungeon, and saw 12 of its levels.
You visited the Abyss 1 time.

You collected 449 gold pieces.

Inventory:

Hand Weapons
 c - a +5 triple sword of electrocution
 v - a +2 spear of venom
 y - a +5 falchion of electrocution (weapon)
Missiles
 f - 3 throwing nets (quivered)
Armour
 i - a +0 cloak (worn)
 B - a +0 pair of gloves (worn)
 C - a +2 kite shield of positive energy (worn)
 D - a +0 plate armour
 E - a +1 chain mail of cold resistance
 K - +0 swamp dragon scales (worn)
Jewellery
 L - an amulet of reflection (around neck)
Wands
 b - a wand of acid (4)
 n - a wand of polymorph (6)
 t - a wand of flame (39)
 F - a wand of roots (14)
 G - a wand of paralysis (17)
Scrolls
 e - 6 scrolls of teleportation
 h - 3 scrolls of identify
 j - 3 scrolls of immolation {unknown}
 m - a scroll of silence
 p - a scroll of butterflies {unknown}
 q - 3 scrolls of amnesia {unknown}
 w - 5 scrolls of revelation
 A - a scroll of poison {unknown}
 I - a scroll of enchant armour {unknown}
 J - 2 scrolls of fear {unknown}
Potions
 a - 3 potions of lignification
 g - 2 potions of haste
 k - 3 potions of enlightenment
 l - 3 potions of resistance {unknown}
 o - a potion of brilliance {unknown}
 r - a potion of attraction {unknown}
 s - a potion of might {unknown}
 u - a potion of mutation {unknown}
 x - a potion of cancellation {unknown}
 z - 2 potions of curing {unknown}
 H - a potion of ambrosia {unknown}


   Skills:
 * Level 10.5 Fighting
 + Level 19.2 Long Blades
 - Level 4.5 Axes
 - Level 7.2 Armour
 - Level 2.1 Dodging
 - Level 6.3 Shields


You had 11 spell levels left.
You didn't know any spells.
Your spell library was empty.

Dungeon Overview and Level Annotations

Branches:
Dungeon (11/15)            Temple (0/1) D:4            Lair (1/5) D:8
    Orc: D:9-12

Altars:
Cheibriados
Dithmenos
Elyvilon
Fedhas
Hepliaklqana
Kikubaaqudgha
Makhleb
Nemelex Xobeh
Okawaru
Qazlal
Ru
Uskayaw
Wu Jian
Zin
The Shining One

Shops:
D:2 :   D:4 **:   D:8 *   D:10 (

Annotations:
Lair:1 Sonja


Innate Abilities, Weirdness & Mutations

You have a pair of horns on your head.
You reflexively headbutt those who attack you in melee.
[You sometimes lose your temper in combat.]
[You are clumsy. (Dex -2)]
[You are very frail. (-20% HP)]
[You do not regenerate when monsters are visible.]
[You are very weak. (Str -4)]
[Your spells are easier to cast, but less powerful.]
[You occasionally lose the ability to drink potions when taking damage.]


Message History

You destroy the flayed ghost!
Trog accepts your kill.
You feel the corruption within you wane somewhat.
You feel less vulnerable to cold.
You feel a little less angry.
You feel agile.
You feel less vulnerable to heat.
You lose the ability to drink potions when taking damage less often.
You no longer feel vulnerable to cold.
You no longer feel vulnerable to heat.
Okay, then.
You feel the effects of Trog's Hand fading.
Your skin stops crawling.
You feel less strong-willed.
An ancient zyme comes into view.
You feel yourself growing ill in the presence of the ancient zyme.
A golden eye comes into view.
The golden eye blinks at you. You resist with almost no effort.
You hit the golden eye.
The golden eye is lightly wounded.
The golden eye blinks!
The golden eye blinks!
The golden eye blinks at you. You resist with some effort.
You slash the golden eye!
The golden eye is severely wounded.
The golden eye blinks at you.
You easily resist.
You miss the golden eye. You headbutt the golden eye.
You kill the golden eye!
Trog accepts your kill.
You are suddenly pulled into a different region of the Abyss!
A hell hog comes into view.
The hell hog squeals angrily.
You hear a roar!
Found a blackened cameo amulet and a sparkling carnelian ring.
Found a gateway leading deeper into the Abyss.
A wraith comes into view.
Your ogre goes berserk!
Trog will no longer gift you weapons. The hell hog breathes fire at you.
The fireball explodes!
The fireball engulfs you!!!
Ouch! That really hurt!
You die...

#. .. .. =W
.# #.# "#
.###... .+#
..#.. +..
.... . #h.
.O#
#...##.#.#
.......@.#
.##....##.#
#..... ..
..#.##. ##
.#. .. # .#
.> ##


You could see a hell hog (catching breath, ally target), a wraith and a friendly
ogre (summoned, berserk).

Vanquished Creatures
  2 two-headed ogres (D:10)
  A wretched star (Abyss:2)
  A flayed ghost (Abyss:2)
  A large abomination (Abyss:2)
  A black mamba (Lair:1)
  Joseph (D:8)
  Maggie (D:10)
  A cane toad (Lair:1)
  A kobold demonologist (D:10)
  A komodo dragon (Lair:1)
  A troll (D:9)
  A hornet (D:10)
  A wraith (D:10)
  Eustachio (D:4)
  3 wyverns
  38 yaks
  A golden eye (Abyss:2)
  2 basilisks
  A steam dragon (D:7)
  6 water moccasins
  4 sky beasts
  2 ice beasts
  4 orc warriors
  A small abomination (Abyss:2)
  2 ogres
  A phantom (D:4)
  2 centaurs
  A kobold brigand (D:8)
  A gnoll sergeant (D:5)
  2 scorpions
  4 bullfrogs
  9 wights
  3 vampire bats (D:8)
  2 howler monkeys (D:9)
  A crimson imp (D:6)
  6 orc priests
  3 bombardier beetles
  2 jellies (D:6)
  A gnoll bouda (D:10)
  Jessica (D:2)
  3 iguanas
  18 orc wizards
  18 gnolls
  7 adders
  A shadow imp (D:8)
  3 white imps
  5 dart slugs
  2 ribbon worms
  36 orcs
  8 ball pythons
  3 bats
  5 bat zombies (D:8)
  6 endoplasms
  5 giant cockroaches
  6 goblins
  12 hobgoblins
  7 kobolds
  5 quokkas
  2 frilled lizards
  A goblin zombie (D:6)
  5 hobgoblin zombies (D:6)
  A kobold skeleton (D:6)
  A kobold zombie (D:6)
  2 orc skeletons (D:6)
  An orc zombie (D:6)
  5 rats
286 creatures vanquished.

Vanquished Creatures (collateral kills)
  A tentacled starspawn (Abyss:2)
  A wretched star (Abyss:2)
  A sixfirhy (Abyss:2)
  2 starcursed masses (Abyss:2)
5 creatures vanquished.

Vanquished Creatures (others)
  2 starspawn tentacles (Abyss:2)
2 creatures vanquished.

Grand Total: 293 creatures vanquished

Notes
Turn   | Place    | Note
-------+----------+-------------------------------------------
     0 | D:1      | case the Minotaur Berserker began the quest for the Orb.
     0 | D:1      | Reached XP level 1. HP: 19/19 MP: 0/0
   191 | D:1      | Reached XP level 2. HP: 27/27 MP: 1/1
   705 | D:2      | Reached XP level 3. HP: 33/33 MP: 2/2
   733 | D:2      | Reached skill level 1 in Long Blades
   823 | D:2      | Noticed Jessica
   826 | D:2      | Reached skill level 2 in Long Blades
   828 | D:2      | Killed Jessica
   829 | D:2      | Reached skill level 3 in Long Blades
   829 | D:2      | Reached XP level 4. HP: 33/40 MP: 3/3
   936 | D:2      | Found Fuutaar's Vocational Training.
   959 | D:2      | Reached ** piety under Trog
   999 | D:2      | Reached skill level 4 in Long Blades
  1479 | D:3      | Reached XP level 5. HP: 20/46 MP: 4/4
  1500 | D:3      | Reached skill level 5 in Long Blades
  1587 | D:3      | Found a white marble altar of Elyvilon.
  1938 | D:3      | Found an iron altar of Okawaru.
  2259 | D:3      | Found a glowing silver altar of Zin.
  2320 | D:4      | Noticed a phantom
  2330 | D:4      | Killed a phantom
  2331 | D:4      | Reached skill level 6 in Long Blades
  2331 | D:4      | Reached XP level 6. HP: 29/52 MP: 5/5
  2427 | D:4      | Found Moeguo's Assorted Antiques.
  2565 | D:4      | Found a snail-covered altar of Cheibriados.
  2602 | D:4      | Reached skill level 7 in Long Blades
  2711 | D:4      | Found a stormy altar of Qazlal.
  2744 | D:4      | Found a staircase to the Ecumenical Temple.
  2879 | D:4      | Found Cuditul's Book Shoppe.
  3016 | D:4      | Found Keafily's General Store.
  3195 | D:4      | Noticed Eustachio
  3208 | D:4      | Killed Eustachio
  3209 | D:4      | Reached skill level 8 in Long Blades
  3209 | D:4      | Reached XP level 7. HP: 27/60 MP: 6/6
  3313 | D:4      | Found a burning altar of Makhleb.
  3314 | D:4      | Found a blossoming altar of Fedhas.
  3437 | D:4      | Found a sparkling altar of Nemelex Xobeh.
  3439 | D:4      | Identified the +4 ring mail of Cowardice {*Corrode Str+2
                  | Stlth+}
  3479 | D:4      | Found a sacrificial altar of Ru.
  3600 | D:5      | Entered Level 5 of the Dungeon
  3659 | D:5      | Reached skill level 9 in Long Blades
  4324 | D:5      | Reached *** piety under Trog
  4380 | D:6      | Reached skill level 10 in Long Blades
  4405 | D:6      | Reached XP level 8. HP: 55/67 MP: 7/7
  4705 | D:6      | Reached skill level 11 in Long Blades
  4926 | D:6      | Found a glowing golden altar of the Shining One.
  4987 | D:6      | Reached skill level 5 in Fighting
  5043 | D:6      | Reached skill level 12 in Long Blades
  5043 | D:6      | Found a hazy altar of Hepliaklqana.
  5327 | D:7      | Reached **** piety under Trog
  5605 | D:7      | Reached skill level 13 in Long Blades
  5605 | D:7      | Reached XP level 9. HP: 62/74 MP: 8/8
  6334 | D:8      | Reached skill level 14 in Long Blades
  6489 | D:8      | Noticed Joseph
  6501 | D:8      | Killed Joseph
  6558 | D:8      | Reached skill level 15 in Long Blades
  6679 | D:8      | Found Exkohod's Assorted Antiques.
  6806 | D:8      | Reached skill level 16 in Long Blades
  6818 | D:8      | Reached XP level 10. HP: 60/81 MP: 9/9
  7140 | D:8      | Found a staircase to the Lair.
  7248 | D:8      | Found a hide-covered altar of Uskayaw.
  7314 | D:8      | Found an ancient bone altar of Kikubaaqudgha.
  7388 | D:9      | Reached skill level 17 in Long Blades
  7565 | D:9      | Found an ornate altar of the Wu Jian Council.
  7845 | D:9      | Reached skill level 18 in Long Blades
  7848 | D:9      | Reached ***** piety under Trog
  8083 | D:9      | Found a shadowy altar of Dithmenos.
  8409 | D:10     | Entered Level 10 of the Dungeon
  8465 | D:10     | Reached XP level 11. HP: 68/89 MP: 10/10
  8579 | D:10     | Identified the +1 scale mail "Ydohe" {Int+4}
  8597 | D:10     | Noticed a sun demon
  8606 | D:10     | Noticed a two-headed ogre
  8696 | D:10     | Killed a two-headed ogre
  8697 | D:10     | Reached skill level 5 in Armour
  8833 | D:10     | Noticed Maggie
  8843 | D:10     | Killed Maggie
  9185 | D:10     | Noticed a two-headed ogre
  9193 | D:10     | Reached skill level 1 in Shields
  9198 | D:10     | Killed a two-headed ogre
  9268 | D:10     | Found Vown's Weapon Shoppe.
  9541 | Lair:1   | Entered Level 1 of the Lair of Beasts
  9597 | Lair:1   | Reached skill level 5 in Shields
 10025 | Lair:1   | Noticed Sonja
 10044 | Abyss:2  | Cast into level 2 of the Abyss (Sonja)
 10072 | Abyss:2  | Noticed a large abomination
 10074 | Abyss:2  | Found a corrupted altar of Lugonu.
 10083 | Abyss:2  | Noticed a tentacled starspawn
 10091 | Abyss:2  | Killed a tentacled starspawn
 10092 | Abyss:2  | Reached skill level 19 in Long Blades
 10105 | Abyss:2  | Reached XP level 12. HP: 75/103 MP: 11/11
 10118 | Abyss:2  | Found a corrupted altar of Lugonu.
 10159 | Abyss:2  | Noticed a starcursed mass
 10170 | Abyss:2  | Reached skill level 10 in Fighting
 10170 | Abyss:2  | Paralysed by accursed screaming for 1 turns
 10176 | Abyss:2  | HP: 4/84 [starcursed mass/accursed screaming (7)]
 10269 | Abyss:2  | Noticed a hell hog
 10270 | Abyss:2  | Killed from afar by a hell hog

Illustrated notes

Levels and vault maps discovered:
D:1:      saegor_arrival_simple_e, layout_loops_ring,
          chequers_serial_rivers_small_3
D:2:      layout_loops_ring, nicolae_shop_vocational, uniq_jessica
D:3:      layout_loops_ring, okawaru_trees_2, mainiacjoe_overflow_alcove_2,
          elyvilon_altar_3, minmay_splitting_lines
D:4:      layout_layer_cave, slow_altar_1, grunt_qazlal_sundering, tgw_trog,
          nicolae_overflow_macrodata_refinement, temple_fountains, serial_shops,
          shop, nicolae_lakefront_shop, nicolae_stop_n_shop_1,
          grunt_ministairs_7, uniq_eustachio
D:5:      layout_rooms, serial_glass, glass_columns_a, glass_columns_b
D:6:      layout_basic, nicolae_tso_besieged_by_evil,
          mainiacjoe_overflow_small_starburst
D:7:      layout_gridville
D:8:      layout_cave_pools, nicolae_uskayaw_suspiria,
          kennysheep_vampire_church, minmay_lair_entry_grove, serial_shops,
          shop, grunt_ogre_cave, minmay_sticks_and_stones
D:9:      layout_small_grid, lemuel_tele_altar, kennysheep_mini_moat
D:10:     layout_roguey, serial_shops, nicolae_shop_gibbet_a_chance, uniq_maggie
D:11:     layout_layer_cave, orc_0_dummy
Lair:1:   layout_small_grid, lemuel_fruit_fields, uniq_sonja
Abyss:2:  base: D:15, hangedman_abyss_or_decor_lesser_grid, minivault_13

Skill      XL: |  1  2  3  4  5  6  7  8  9 10 11 12 |
---------------+-------------------------------------+-----
Axes           | 4 |  4.5
Fighting       | 4 5 8 10 | 10.5
Long Blades    | 3 4 6 8 10 13 16 18 19 | 19.2
Armour         | 4 7 |  7.2
Shields        | 6 |  6.3
Dodging        | |  2.1

Action                     |  1- 3 |  4- 6 |  7- 9 | 10-12 || total
---------------------------+-------+-------+-------+-------++-------
  Melee: Hand axe          |    33 |       |       |       ||    33
         Headbutt          |    11 |    14 |    42 |    82 ||   149
         Triple sword      |    17 |   107 |       |    16 ||   140
         Falchion          |       |       |   311 |   339 ||   650
  Throw: Throwing net      |       |       |       |     1 ||     1
 Invoke: Berserk           |       |     1 |     4 |     5 ||    10
         Trog's Hand       |       |       |     1 |     5 ||     6
         Brothers in Arms  |       |       |       |     3 ||     3
    Use: Scroll            |     1 |     5 |     9 |     1 ||    16
         Potion            |       |     1 |     1 |     3 ||     5
   Stab: Sleeping          |       |       |     1 |       ||     1
         Distracted        |       |       |       |     1 ||     1
 Armour: Animal skin       |    30 |       |       |       ||    30
         Ring mail         |       |   116 |    14 |       ||   130
         Plate armour      |       |       |   191 |       ||   191
         Chain mail        |       |       |    44 |   133 ||   177
         Swamp dragon scal |       |       |       |    67 ||    67
  Dodge: Dodged            |    31 |    66 |    50 |    79 ||   226
  Block: Kite shield       |       |       |   114 |   177 ||   291
         Reflection        |       |       |       |     3 ||     3
